 Dungeon Crawl Stone Soup version 0.22-a0-414-gacd343e (webtiles) character file.

568 panicbit the Chopper (level 7, -7/60 HPs)
             Began as a Minotaur Fighter on May 13, 2018.
             Was a Believer of Okawaru.
             Mangled by Tiareth's ghost (17 damage)
             ... on level 5 of the Dungeon.
             The game lasted 00:05:54 (2881 turns).

panicbit the Chopper (Minotaur Fighter)             Turns: 2881, Time: 00:05:55

Health: -7/60      AC: 13    Str: 23    XL:     7   Next: 11%
Magic:  6/6        EV:  5    Int:  5    God:    Okawaru [**....]
Gold:   178        SH: 10    Dex:  9    Spells: 6/6 levels left

rFire    . . .     SeeInvis .   a - +0 war axe
rCold    . . .     Gourm    .   c - +0 shield
rNeg     . . .     Faith    .   i - +0 plate armour
rPois    .         Spirit   .   (helmet restricted)
rElec    .         Reflect  .   (no cloak)
rCorr    +         Harm     .   r - +0 pair of gloves
MR       .....                  (no boots)
Stlth    ..........             (no amulet)
HPRegen  0.20/turn              (no ring)
MPRegen  0.10/turn              q - ring of resist corrosion

@: no status effects
A: retaliatory headbutt, horns 2
a: Heroism, Renounce Religion


You were on level 5 of the Dungeon.
You worshipped Okawaru.
Okawaru was pleased with you.
You were not hungry.

You visited 1 branch of the dungeon, and saw 5 of its levels.

You collected 178 gold pieces.

Inventory:

Hand Weapons
 a - a +0 war axe (weapon)
Armour
 c - a +0 shield (worn)
 i - a +0 plate armour (worn)
 r - a +0 pair of gloves (worn)
Jewellery
 o - an uncursed ring of ice
 q - a ring of resist corrosion (right hand)
Scrolls
 b - 2 scrolls of identify {unknown}
 e - a scroll of enchant weapon {unknown}
 h - a scroll of magic mapping {unknown}
 j - 4 scrolls of amnesia {unknown}
 k - a scroll of random uselessness {unknown}
 m - a scroll of fear {unknown}
 p - a scroll of fog {unknown}
 s - a scroll of remove curse {unknown}
 u - a scroll of teleportation {unknown}
 v - a scroll of acquirement {unknown}
Potions
 d - a potion of might
 g - 3 potions of mutation {unknown}
 l - a potion of heal wounds {unknown}
 t - a potion of degeneration {unknown}
 w - a potion of curing {unknown}
Comestibles
 f - 10 rations
 n - 5 chunks of flesh


   Skills:
 + Level 4.8 Fighting
 + Level 7.0 Axes
 + Level 4.8 Armour
 + Level 0.9 Dodging
 + Level 5.4 Shields


You had 6 spell levels left.
You didn't know any spells.
Your spell library was empty.

Dungeon Overview and Level Annotations

Branches:
Dungeon (5/15)
 Temple: D:4-7

Altars:
Okawaru
Vehumet
Xom

Annotations:
D:4 Sigmund
D:5 Tiareth's ghost, novice DEFi


Innate Abilities, Weirdness & Mutations

You reflexively headbutt those who attack you in melee.
You have a pair of horns on your head.


Message History

You see here a ruby potion.
w - a ruby potion
Found a radiant altar of Vehumet.
A hobgoblin comes into view.
The hobgoblin shouts!
The hobgoblin zaps a wand.
The puff of flame hits you!
It is a wand of flame (14).
The hobgoblin hits you but does no damage.
Tiareth's ghost barely misses you. Tiareth's ghost hits you.
You are electrocuted!
* * * LOW HITPOINT WARNING * * *
The hobgoblin zaps a wand.
The puff of flame hits you!
* * * LOW HITPOINT WARNING * * *
The hobgoblin zaps a wand.
The puff of flame hits you!
* * * LOW HITPOINT WARNING * * *
The hobgoblin zaps a wand.
The puff of flame hits you!
You hear the rusting of a distant drain.
Tiareth's ghost hits you but does no damage.
You are electrocuted!
You die...

#g# #.#
#.#
#.########
#...g..g.#
########.#
#.# #W#
#@# #.#
#.# #.#
#.. ###


You could see Tiareth's ghost and a hobgoblin.

Vanquished Creatures
  An ogre (D:3)
  A bullfrog skeleton (D:5)
  A jelly (D:5)
  An orc wizard (D:5)
  A centaur skeleton (D:5)
  An iguana (D:5)
  4 worker ants
  4 gnolls (D:4)
  9 adders
  An ooze (D:4)
  An adder zombie (D:5)
  3 worms (D:3)
  3 dart slugs
  4 leopard geckos
  7 orcs
  9 bats
  3 giant cockroaches
  11 goblins
  7 hobgoblins
  12 kobolds
  3 quokkas
  A ball python (D:3)
  4 frilled lizards (D:2)
  A jackal skeleton (D:4)
  6 rats
99 creatures vanquished.

Notes
Turn   | Place    | Note
-------+----------+-------------------------------------------
     0 | D:1      | panicbit the Minotaur Fighter began the quest for the Orb.
     0 | D:1      | Reached XP level 1. HP: 19/19 MP: 0/0
   164 | D:1      | Reached XP level 2. HP: 27/27 MP: 1/1
   415 | D:2      | Reached XP level 3. HP: 25/33 MP: 2/2
   536 | D:2      | Reached skill level 3 in Axes
   673 | D:2      | Found an iron altar of Okawaru.
   682 | D:2      | Became a worshipper of Warmaster Okawaru
   738 | D:2      | Reached XP level 4. HP: 36/41 MP: 3/3
  1430 | D:3      | Reached skill level 4 in Axes
  1711 | D:3      | Noticed an ogre
  1726 | D:3      | Killed an ogre
  1726 | D:3      | Reached * piety under Okawaru
  1726 | D:3      | Reached XP level 5. HP: 32/47 MP: 4/4
  1801 | D:3      | Reached skill level 5 in Axes
  2185 | D:4      | Reached XP level 6. HP: 39/53 MP: 5/5
  2416 | D:4      | Reached skill level 5 in Shields
  2527 | D:4      | Noticed Sigmund
  2534 | D:5      | Entered Level 5 of the Dungeon
  2552 | D:5      | Reached skill level 6 in Axes
  2620 | D:5      | Found a shimmering altar of Xom.
  2744 | D:5      | Reached ** piety under Okawaru
  2744 | D:5      | Reached XP level 7. HP: 55/60 MP: 6/6
  2763 | D:5      | Noticed Tiareth's ghost (novice DEFi)
  2829 | D:5      | Reached skill level 7 in Axes
  2846 | D:5      | Found a radiant altar of Vehumet.
  2881 | D:5      | Mangled by Tiareth's ghost

Vault maps used:
D:1:      scummos_arrival_gate
D:2:      first_ration, serial_park_tiny_pond, okawaru_altar_gauntlet_db
D:3:      grunt_ministairs_15
D:4:      uniq_sigmund
D:5:      vehumet_altar_wand_db, portal_sewer_entry_f, basic_altar

Skill      XL: |  1  2  3  4  5  6  7 |
---------------+----------------------+-----
Fighting       | 4 |  4.8
Shields        | 4 5 |  5.4
Armour         | 4 |  4.8
Axes           | 3 4 5 6 7 |  7.0
Dodging        | |  0.9

Action                   |  1- 3 |  4- 6 |  7- 9 || total
-------------------------+-------+-------+-------++-------
Melee: War axe           |    98 |   179 |    14 ||   291
       Headbutt          |     9 |    28 |     2 ||    39
  Eat: Chunk             |       |     6 |     1 ||     7
Armor: Scale mail        |    25 |       |       ||    25
       Plate armour      |    62 |   116 |    22 ||   200
Dodge: Dodged            |    41 |    35 |     9 ||    85
Block: Shield            |    76 |   106 |    19 ||   201

Table legend:
 A = Spawn XP
 B = Non-spawn XP
 C = Spawn XP percentage of total XP
 D = Spawn monster count
 E = Non-spawn monster count
 F = Spawn count percentage of total count
 G = Total turns spent on level
                    A         B        C        D         E        F      G
               +---------+---------+-------+---------+---------+-------+---------
         Total |       0 |     812 |   0.0 |       0 |      99 |   0.0 |  2881
               +---------+---------+-------+---------+---------+-------+---------
           D:1 |       0 |      25 |   0.0 |       0 |      15 |   0.0 |   399
           D:2 |       0 |     105 |   0.0 |       0 |      34 |   0.0 |   999
           D:3 |       0 |     222 |   0.0 |       0 |      24 |   0.0 |   767
           D:4 |       0 |     179 |   0.0 |       0 |      12 |   0.0 |   369
           D:5 |       0 |     281 |   0.0 |       0 |      14 |   0.0 |   347
               +---------+---------+-------+---------+---------+-------+---------
